 Dungeon Crawl Stone Soup version 0.18-a0-1730-g73f0523 (webtiles) character file.

230124 nubinia the Unseen (level 18, -15/84 HPs)
             Began as a Spriggan Artificer on Apr 9, 2016.
             Was the Champion of Pakellas.
             Killed from afar by Margery (62 damage)
             ... with a bolt of fire
             ... on level 2 of the Vaults on Apr 10, 2016.
             The game lasted 08:29:43 (45328 turns).

nubinia the Unseen (Spriggan Artificer)            Turns: 45328, Time: 08:29:43

Health: -15/84     AC: 15    Str:  4    XL:     18   Next: 75%
Magic:  26/32      EV: 41    Int: 15    God:    Pakellas [******]
Gold:   3545       SH: 17    Dex: 30    Spells: 5 memorised, 25 levels left

rFire  . . .     SeeInvis +     l - +10 lightning rod (16/18)
rCold  . . .     Gourm    .     v - +3 robe of Complete Protection {rN+ Str-3 Int+3 Stlth+}
rNeg   + . .     Faith    .     F - +2 buckler
rPois  +         Spirit   .     R - +2 hat
rElec  .         Dismiss  .     O - +2 cloak {+Inv}
rCorr  .         Reflect  +     (gloves unavailable)
SustAt .         Harm     .     (boots unavailable)
MR     +++..                    P - +4 amulet of reflection
Stlth  ++++++++++               U - ring "Ziomafav" {rPois Int-3 Dex+7 SInv}
                                S - +4 ring of protection

@: repel missiles, very quick, extremely resistant to hostile enchantments,
uncannily stealthy
A: unfitting armour, antennae 1, see invisible, herbivore 3, speed 3, shaggy fur
1, slow metabolism 2
a: Quick Charge, Device Surge, Renounce Religion, Evoke Invisibility
}: 1/15 runes: serpentine


You were on level 2 of the Vaults.
You worshipped Pakellas.
Pakellas was exalted by your worship.
You were not hungry.

You visited 6 branches of the dungeon, and saw 34 of its levels.
You visited the Abyss 1 time.
You also visited: Ice Cave.

You collected 3545 gold pieces.

Inventory:

Hand Weapons
 a - a +3 rapier of flaming
 b - a +5 hunting sling of electrocution
 f - a +2 hunting sling of freezing
 p - a +3 dagger of protection
Missiles
 h - 13 exploding sling bullets
 s - 334 stones (quivered)
 w - 29 poisoned sling bullets
 C - 104 sling bullets
 X - 11 sling bullets of frost
Armour
 v - the +3 robe of Complete Protection (worn) {rN+ Str-3 Int+3 Stlth+}
   (You found it on level 2 of the Snake Pit)

   It affects your strength (-3).
   It affects your intelligence (+3).
   It protects you from negative energy.
   It makes you more stealthy.
 D - the +5 gold dragon armour of Cheibriados's Envy {rPois rF+ rC+ Str+7 Dex+4, unknown}
   (You acquired it on level 1 of the Vaults)

   It affects your strength (+7).
   It affects your dexterity (+4).
   It protects you from fire.
   It protects you from cold.
   It protects you from poison.
 F - a +2 buckler (worn)
 O - a +2 cloak of invisibility (worn)
 R - a +2 hat (worn)
Rods
 c - a +7 rod of shadows (5/16)
   (Pakellas gifted it to you on level 13 of the Dungeon)
 l - a +10 lightning rod (16/18) (in hand)
   (Pakellas gifted it to you on level 8 of the Dungeon)
Jewellery
 P - a +4 amulet of reflection (around neck)
 S - a +4 ring of protection (left hand)
 U - the ring "Ziomafav" (right hand) {rPois Int-3 Dex+7 SInv}
   (You found it on level 7 of the Dungeon)

   [ring of see invisible]

   It affects your intelligence (-3).
   It affects your dexterity (+7).
   It protects you from poison.
   It lets you see invisible.
Wands
 d - a wand of disintegration (11/24)
 e - a wand of digging (6/24)
 o - a wand of hasting (6/9)
 y - a wand of teleportation (5/9)
 T - a wand of heal wounds (5/9)
 V - a wand of acid (11/15)
 Y - a wand of iceblast (9/15)
Scrolls
 n - 2 scrolls of blinking
 A - 6 scrolls of magic mapping
 E - 10 scrolls of teleportation
 K - 14 scrolls of identify
 L - 2 scrolls of holy word
 Q - 16 scrolls of remove curse
 Z - 6 scrolls of recharging
Potions
 i - 12 potions of curing
 j - a potion of haste
 k - 6 potions of might
 q - 10 potions of magic
 r - 5 potions of heal wounds
 t - 7 potions of agility
 u - 3 potions of invisibility
 z - 2 potions of resistance
 J - a potion of flight
 M - 5 potions of cancellation
 N - a potion of brilliance
Miscellaneous
 x - a sack of spiders {used: 2}
 B - a stone of tremors
 W - a phial of floods
Comestibles
 g - 16 bread rations


   Skills:
 + Level 5.4 Fighting
 + Level 9.8 Short Blades
 + Level 18.9(19.2) Slings
 + Level 5.2(12.0) Throwing
 + Level 19.8 Dodging
 + Level 20.3 Stealth
 + Level 8.9 Shields
 + Level 9.8 Spellcasting
 + Level 7.6 Charms
 - Level 3.0 Necromancy
 + Level 1.4 Air Magic
 + Level 15.4 Evocations


You had 25 spell levels left.
You knew the following spells:

 Your Spells              Type           Power        Failure   Level  Hunger
a - Shroud of Golubria    Chrm/Tloc      ###.......   3%          2    None
b - Ozocubu's Armour      Chrm/Ice       ###.....     10%         3    #......
c - Regeneration          Chrm/Necr      ###.......   3%          3    #......
r - Repel Missiles        Chrm/Air       ###...       2%          2    None
S - Animate Skeleton      Necr           N/A          3%          1    None


Dungeon Overview and Level Annotations

Branches:
Dungeon (14/15)            Temple (0/1) D:5            Lair (8/8) D:11
 Shoals (4/4) Lair:6        Snake (4/4) Lair:6        Slime (0/6) Lair:8
    Orc (2/2) D:12            Elf (0/3) Orc:2        Vaults (2/5) D:14
  Crypt: Vaults:2-3

Altars:
Elyvilon
Fedhas
Gozag
Pakellas
Sif Muna
Vehumet
Yredelemnul
The Shining One
Beogh
Jiyva

Shops:
D:8 :   Orc:1 ?   Orc:2 =*(

Annotations:
D:3 achirane's ghost, amateur GrFi
Snake:2 Vashnia
Vaults:2 Margery


Innate Abilities, Weirdness & Mutations

You are tiny and cannot use many weapons and most armour.
You have supernaturally acute eyesight.
You are a herbivore.
You cover ground extremely quickly.
You need consume almost no food.
You have a pair of small antennae on your head.
You are covered in fur (AC +1).


Message History

Something completely misses your orc skeleton.
Wield which item (- for none, * to show all)? (? for menu, Esc to quit)
l - a +10 lightning rod (18/18) (in hand)
Your orc skeleton hits something but does no damage.
Your ettin hits Margery with a dire flail!
Your ettin hits Margery but does no damage.
Your ugly thing skeleton hits something.
Aiming: Thunderbolt
Press: ? - help, Shift-Dir - straight line, f - Margery
Aim: Margery, wielding a demon blade of flaming and wearing a fire dragon armour (lightly wounded)
The lightning misses Margery.
You hear an angry buzzing noise.
You hear a shout!
Something barely misses your orc skeleton.
Something claws your orc skeleton.
Your orc skeleton is engulfed in flames!
Margery casts a spell at you. The bolt of fire hits you!
Ouch! That really hurt!
You die...
Pakellas says: Time to start the next experiment...

#......# #...)..# #....).#
#..)...# #
########'#'###############'##
.....(.(.Z)..................
...((((.(Z...................
.....(()tZ((......%..........
.....(...Z(@%...@%%..........
...........C))......)........
.###########%################
.# #.....%.....# .#
#..#....(#..# .#
#...........# .#
#..#.....#..# .#
#...........# .#
#..#.....#..#


You could see Margery, a friendly ettin, a friendly ugly thing skeleton, a
friendly orc skeleton, a friendly elf skeleton and a friendly elf skeleton.

Vanquished Creatures
  Asterion (Snake:2)
  Rupert (D:13)
  Polyphemus (Shoals:2)
  A kraken (Shoals:2)
  Frances (D:12)
  Kirke (D:12)
  An azure jelly (Snake:3)
  4 greater nagas
  Donald (Shoals:1)
  2 deep elf sorcerers
  Wiglaf (Vaults:2)
  3 vault wardens
  3 ironheart preservers
  A deep elf demonologist (Vaults:2)
  A blizzard demon (IceCv)
  A yaktaur captain (Vaults:1)
  Snorg (Orc:2)
  2 merfolk impalers
  A great orb of eyes (Vaults:1)
  Josephine (Lair:5)
  7 vault guards (D:14)
  12 hydras
  Harold (D:12)
  5 anacondas
  4 catoblepae
  9 naga warriors
  An alligator snapping turtle (Shoals:4)
  3 merfolk avatars (Shoals:2)
  3 merfolk aquamancers
  Erica (Orc:1)
  An ogre mage (Vaults:2)
  A death knight (Vaults:1)
  A tengu warrior (D:14)
  20 death yaks
  Urug (D:10)
  An orc high priest (Orc:2)
  A hell knight (Vaults:2)
  A shock serpent (shapeshifter) (Vaults:1)
  A deep elf knight (Vaults:2)
  A shock serpent (Snake:3)
  A fire crab (Vaults:1)
  17 naga sharpshooters
  Nergalle (Orc:2)
  2 giant orange brains (Vaults:2)
  A flayed ghost (Vaults:1)
  2 wizards (Vaults:1)
  2 deep elf archers (Vaults:1)
  9 sea snakes
  4 naga ritualists
  3 hill giants
  An anubis guard (shapeshifter) (Vaults:2)
  14 harpies
  An ironbrand convoker (Vaults:1)
  Pikel (D:7)
  4 mana vipers
  4 wolf spiders
  6 orc knights
  2 necromancers (Vaults:1)
  3 human zombies (Vaults:1)
  4 salamanders
  3 orc sorcerers (Orc:2)
  A fire giant zombie (Vaults:1)
  4 manticores
  5 griffons
  An oklob plant (Lair:2)
  8 deep elf magi
  13 ugly things
  A sixfirhy (Abyss:3)
  12 fauns
  4 cyclopes
  2 guardian serpents (Snake:3)
  6 elephants
  4 sirens
  A vault sentinel (Vaults:1)
  29 black mambas
  A torpor snail (Lair:5)
  A smoke demon (D:14)
  Psyche (D:8)
  17 naga magi
  2 gargoyles
  4 water nymphs
  10 spiny frogs
  5 freezing wraiths
  A kobold demonologist (D:13)
  A rime drake (Lair:7)
  7 ice devils
  9 komodo dragons
  An anaconda simulacrum (IceCv)
  12 yaktaurs
  2 two-headed ogres (Vaults:1)
  A tengu conjurer (D:14)
  A two-headed ogre (shapeshifter) (D:13)
  7 trolls
  A wind drake (Shoals:3)
  14 merfolk
  A harpy zombie (D:14)
  23 blink frogs
  A boulder beetle (Snake:1)
  15 slime creatures
  A fire giant simulacrum (Vaults:1)
  6 snapping turtles
  A vampire (D:11)
  A small abomination (Abyss:3)
  A wyvern (D:11)
  2 dire elephant simulacra (IceCv)
  3 basilisks
  5 wraiths
  4 water elementals
  46 yaks
  Grum (D:11)
  A death yak simulacrum (IceCv)
  7 hogs
  A human (D:8)
  8 hippogriffs
  2 hungry ghosts
  4 vampire mosquitoes
  8 centaurs
  5 wargs
  Menkaure (D:7)
  2 harpy simulacra (IceCv)
  2 iron troll simulacra (IceCv)
  A soldier ant (D:11)
  25 nagas
  6 water moccasins
  6 hydra simulacra (IceCv)
  An elf skeleton (Vaults:1)
  13 porcupines
  A black bear (D:13)
  2 ettin simulacra (IceCv)
  20 orc warriors
  3 sky beasts
  16 ogres
  3 phantoms
  9 wolves
  2 necrophages
  10 crocodiles
  A big kobold (D:9)
  21 giant frogs
  A gnoll sergeant (D:9)
  A wyvern skeleton (D:12)
  5 scorpions
  9 wights
  3 killer bees (D:8)
  An electric eel (Lair:6)
  A vampire bat (Abyss:3)
  8 howler monkeys
  5 crimson imps
  A giant frog zombie (D:5)
  4 centaur zombies
  2 draconian simulacra (IceCv)
  2 jellies
  5 hounds
  2 quasits
  2 centaur skeletons
  4 giant frog skeletons
  15 orc wizards
  14 orc priests
  10 iguanas
  14 worker ants
  Natasha (D:2)
  A polar bear simulacrum (IceCv)
  2 spriggan simulacra (IceCv)
  3 troll simulacra (IceCv)
  21 sheep
  A killer bee zombie (D:9)
  3 wolf simulacra (IceCv)
  A centaur simulacrum (IceCv)
  A hound skeleton (D:5)
  14 gnolls
  19 adders
  A howler monkey skeleton (D:10)
  2 ogre simulacra
  64 river rats
  3 naga simulacra (IceCv)
  7 white imps
  5 ufetubi (IceCv)
  An ooze (D:6)
  An adder zombie (D:5)
  A worm (D:2)
  3 dart slugs (D:1)
  5 giant geckos
  58 orcs
  9 bats
  3 giant cockroaches
  9 goblins
  8 hobgoblins
  11 jackals
  20 kobolds
  2 quokkas
  A giant gecko zombie (D:5)
  19 giant newts
  3 quokka skeletons
  9 rats
  4 fungi
  6 plants
  A tentacle (Shoals:2)
1102 creatures vanquished.

Vanquished Creatures (collateral kills)
  Agnes (Snake:1)
  A greater naga (Snake:4)
  Maud (D:13)
  An orc warlord (Orc:2)
  3 ironheart preservers
  A merfolk impaler (Shoals:2)
  A vault guard (D:14)
  A yaktaur captain (Vaults:1)
  An ogre mage (Vaults:1)
  2 naga warriors (Snake:4)
  2 merfolk avatars
  A merfolk aquamancer (Shoals:3)
  2 centaur warriors
  2 anacondas
  A death yak (Shoals:2)
  A naga sharpshooter (Snake:1)
  An orc high priest (Orc:2)
  2 deep elf knights (Vaults:1)
  A naga ritualist (Snake:4)
  A hill giant (Vaults:1)
  A necromancer (Vaults:1)
  7 ugly things
  2 deep elf magi (Vaults:1)
  A wolf spider (Vaults:2)
  A griffon (Shoals:2)
  A cyclops (Shoals:3)
  2 fauns
  5 black mambas
  A vault sentinel (Vaults:1)
  2 sirens
  A centaur skeleton (D:14)
  6 naga magi
  A gargoyle (D:14)
  3 yaktaurs (Vaults:1)
  An ice devil (IceCv)
  2 merfolk (Shoals:3)
  A troll (D:13)
  A wind drake (Shoals:4)
  A slime creature (D:13)
  A snapping turtle (Shoals:4)
  8 water elementals
  A shadow (D:14)
  7 vampire mosquitoes
  5 nagas
  An ogre skeleton (Vaults:1)
  A porcupine (Lair:3)
  5 orc warriors
  2 ogres (Vaults:1)
  2 centaurs (D:13)
  A big kobold (D:14)
  2 giant frogs
  A glowing shapeshifter simulacrum (Vaults:1)
  A wyvern skeleton (D:14)
  A wight (D:8)
  A human simulacrum (Vaults:1)
  4 orc wizards
  An orc priest (Orc:2)
  2 worker ants
  2 sheep
  An adder (D:10)
  7 river rats (Lair:4)
  A white imp (D:14)
  10 orcs
  2 plants
137 creatures vanquished.

Vanquished Creatures (others)
  An anaconda (Snake:2)
  3 satyrs
  A centaur warrior (D:13)
  2 naga sharpshooters
  A deep elf archer (Vaults:1)
  A hill giant (D:10)
  4 fauns
  A cyclops (Orc:2)
  A manticore (Shoals:2)
  A vault sentinel (Vaults:2)
  2 yaktaurs (Vaults:1)
  A raiju (Abyss:3)
  A yak (Lair:5)
  3 orc warriors
  A phantom (D:6)
  3 slaves (D:7)
  2 ogres
  3 centaurs
  2 wights (D:8)
  A crimson imp (D:5)
  4 orc wizards
  2 orc priests
  3 iguanas
  A worker ant (D:7)
  3 gnolls
  2 adders
  3 orcs
  A jackal (D:8)
  4 bushes (Lair:8)
  12 fungi
  26 plants
  4 starspawn tentacles (Abyss:3)
  15 starspawn tentacle segments (Abyss:3)
  8 tentacles (Shoals:2)
  240 tentacle segments (Shoals:2)
  11 toadstools (Lair:2)
374 creatures vanquished.

Grand Total: 1613 creatures vanquished

Notes
Turn   | Place    | Note
--------------------------------------------------------------
     0 | D:1      | nubinia the Spriggan Artificer began the quest for the Orb.
     0 | D:1      | Reached XP level 1. HP: 9/9 MP: 4/4
   236 | D:1      | Reached XP level 2. HP: 14/14 MP: 6/6
   314 | D:1      | Reached skill level 1 in Fighting
   455 | D:1      | Reached XP level 3. HP: 17/18 MP: 7/7
   640 | D:1      | Reached skill level 2 in Stealth
  1451 | D:2      | Noticed Natasha
  1458 | D:2      | Killed Natasha
  1458 | D:2      | Reached XP level 4. HP: 22/22 MP: 8/8
  1471 | D:2      | Reached skill level 5 in Dodging
  1485 | D:2      | Reached skill level 3 in Stealth
  2020 | D:2      | Reached skill level 4 in Stealth
  2020 | D:2      | Reached XP level 5. HP: 25/25 MP: 9/9
  2167 | D:3      | Noticed achirane's ghost (amateur GrFi)
  2232 | D:3      | Reached skill level 5 in Stealth
  3081 | D:4      | Reached XP level 6. HP: 30/30 MP: 10/10
  3084 | D:4      | Reached skill level 6 in Stealth
  3089 | D:4      | Found an oddly glowing altar of Pakellas.
  3097 | D:4      | Became a worshipper of Pakellas the Inventive
  3139 | D:4      | Reached skill level 7 in Stealth
  3199 | D:4      | Reached XP level 7. HP: 32/33 MP: 11/11
  3457 | D:5      | Entered Level 5 of the Dungeon
  3500 | D:5      | Reached skill level 8 in Stealth
  3500 | D:5      | Reached skill level 5 in Evocations
  3531 | D:5      | Reached * piety under Pakellas
  3552 | D:5      | Found a staircase to the Ecumenical Temple.
  3560 | D:5      | Reached skill level 9 in Stealth
  4067 | D:5      | Reached skill level 10 in Stealth
  4067 | D:5      | Reached XP level 8. HP: 39/39 MP: 12/12
  4093 | D:5      | Gained mutation: You are covered in fur (AC +1). [potion of beneficial mutation]
  4108 | D:5      | Found a deep blue altar of Sif Muna.
  4108 | D:5      | Found a blossoming altar of Fedhas.
  4111 | D:5      | Found a radiant altar of Vehumet.
  4481 | D:6      | Found a glowing golden altar of the Shining One.
  5273 | D:7      | Reached skill level 11 in Stealth
  5486 | D:7      | Noticed Pikel
  5505 | D:7      | Killed Pikel
  5505 | D:7      | Reached ** piety under Pakellas
  5505 | D:7      | Received a gift from Pakellas
  5505 | D:7      | Reached skill level 12 in Stealth
  5505 | D:7      | Reached skill level 1 in Shields
  5532 | D:7      | Noticed Menkaure
  5559 | D:7      | Killed Menkaure
  5559 | D:7      | Reached XP level 9. HP: 42/42 MP: 14/14
  5746 | D:7      | Got a translucent pewter ring
  5748 | D:7      | Identified the ring "Ziomafav" {rPois Int-3 Dex+7 SInv} (You found it on level 7 of the Dungeon)
  5868 | D:8      | Reached skill level 13 in Stealth
  5986 | D:8      | Found Hurgh's Book Shop.
  6689 | D:8      | Reached *** piety under Pakellas
  7040 | D:9      | Reached skill level 14 in Stealth
  7041 | D:9      | Noticed a troll
  7055 | D:9      | Killed a troll
  7176 | D:9      | Found an opulent altar of Gozag.
  7290 | D:9      | Reached skill level 10 in Dodging
  7472 | D:9      | Found a basalt altar of Yredelemnul.
  7532 | D:9      | Found a white marble altar of Elyvilon.
  7682 | D:8      | Noticed Psyche
  7687 | D:8      | Killed Psyche
  7687 | D:8      | Reached XP level 10. HP: 47/47 MP: 16/16
  7695 | D:8      | Reached skill level 15 in Stealth
  7702 | D:8      | Reached **** piety under Pakellas
  7702 | D:8      | Received a gift from Pakellas
  7772 | D:8      | Cast into level 2 of the Abyss (a distortion unwield)
  7849 | Abyss:2  | Noticed a spatial maelstrom
  7877 | Abyss:2  | Noticed a thrashing horror
  7971 | Abyss:3  | Noticed a tentacled starspawn
  7974 | Abyss:3  | Noticed a tentacled starspawn
  7997 | Abyss:3  | Noticed an apocalypse crab
  8015 | Abyss:3  | Noticed a balrug
  8028 | Abyss:3  | Noticed a sun demon
  8040 | Abyss:3  | Noticed a tentacled starspawn
  8061 | Abyss:3  | Found a corrupted altar of Lugonu.
  8087 | Abyss:3  | Noticed a tentacled starspawn
  8147 | Abyss:3  | Noticed a large abomination
  8192 | Abyss:3  | Noticed a brown very ugly thing
  8268 | Abyss:3  | Noticed a mana viper
  8281 | Abyss:3  | Noticed a deep elf elementalist
  8314 | Abyss:3  | Noticed a tentacled starspawn
  8315 | Abyss:3  | Noticed a cacodemon
  8321 | Abyss:3  | Noticed a wretched star
  8329 | Abyss:3  | Noticed a tentacled starspawn
  8348 | Abyss:3  | Noticed a wretched star
  8350 | Abyss:3  | Noticed an ancient lich
  8351 | Abyss:3  | Noticed a smoke demon
  8363 | Abyss:3  | Noticed a rakshasa
  8372 | Abyss:3  | Noticed a tentacled starspawn
  8405 | Abyss:3  | Noticed a sixfirhy
  8410 | Abyss:3  | Noticed a lorocyproca
  8414 | Abyss:3  | Noticed a starcursed mass
  8460 | Abyss:3  | Noticed a shadow wraith
  8511 | Abyss:3  | Noticed a sixfirhy
  8529 | Abyss:3  | Killed a sixfirhy
  8551 | Abyss:3  | Noticed a rakshasa
  8586 | Abyss:3  | Noticed a spatial maelstrom
  8589 | Abyss:3  | Noticed a smoke demon
  8597 | Abyss:3  | Noticed a starcursed mass
  8611 | Abyss:3  | Found an opulent altar of Gozag.
  8674 | Abyss:3  | Noticed a worldbinder
  8689 | Abyss:3  | Noticed a deep elf mage
  8691 | Abyss:3  | Noticed a mottled draconian
  8707 | D:8      | Escaped the Abyss
  8789 | D:10     | Entered Level 10 of the Dungeon
  8838 | D:10     | Noticed a hill giant
  9093 | D:10     | Noticed Urug
  9096 | D:10     | Reached skill level 5 in Short Blades
  9174 | D:10     | Killed Urug
  9174 | D:10     | Reached skill level 1 in Slings
  9174 | D:10     | Reached skill level 16 in Stealth
  9338 | D:10     | Noticed a gargoyle
  9345 | D:10     | Killed a gargoyle
  9345 | D:10     | Reached skill level 1 in Throwing
  9384 | D:11     | Noticed a manticore
  9389 | D:11     | Killed a manticore
  9493 | D:11     | Found a staircase to the Lair.
  9759 | D:11     | Reached ***** piety under Pakellas
  9779 | D:11     | Noticed a hill giant
  9794 | D:11     | Killed a hill giant
  9794 | D:11     | Reached XP level 11. HP: 51/51 MP: 13/18
 10044 | D:11     | Noticed a six-headed hydra
 10062 | D:11     | Killed a six-headed hydra
 10277 | D:11     | Reached skill level 5 in Slings
 10347 | D:11     | Noticed Grum
 10361 | D:11     | Killed Grum
 10405 | D:11     | Noticed a brown ugly thing
 10445 | D:11     | Killed a brown ugly thing
 10446 | D:11     | Noticed a purple ugly thing
 10503 | D:11     | Killed a purple ugly thing
 10713 | Lair:1   | Entered Level 1 of the Lair of Beasts
 11354 | Lair:1   | Noticed a six-headed hydra
 11365 | Lair:1   | Killed a six-headed hydra
 12231 | Lair:2   | Noticed a five-headed hydra
 12250 | Lair:2   | Killed a five-headed hydra
 12391 | Lair:2   | Gained mutation: Your spells are a little harder to cast, but a little more powerful. [potion of mutation]
 12391 | Lair:2   | Gained mutation: You have a pair of small antennae on your head. [potion of mutation]
 12391 | Lair:2   | Lost mutation: Your spells are a little harder to cast, but a little more powerful. [potion of mutation]
 12804 | Lair:2   | Reached XP level 12. HP: 56/56 MP: 17/20
 12962 | Lair:2   | Found a blossoming altar of Fedhas.
 13536 | Lair:3   | Reached ****** piety under Pakellas
 13537 | Lair:3   | Identified a +10 lightning rod (18/18) (supercharged by Pakellas)
 13571 | Lair:3   | Reached skill level 10 in Evocations
 13661 | Lair:3   | Reached skill level 17 in Stealth
 13674 | Lair:3   | Got a polished short sword
 13675 | Lair:3   | Identified the cursed +1 short sword of Extinguishment {flame, rPois} (You found it on level 3 of the Lair of Beasts)
 15220 | D:7      | Learned a level 2 spell: Repel Missiles
 16268 | Lair:5   | Noticed a death yak
 16271 | Lair:5   | Noticed a death yak
 16272 | Lair:5   | Noticed a death yak
 16272 | Lair:5   | Noticed a death yak
 16273 | Lair:5   | Noticed a death yak
 16275 | Lair:5   | Killed a death yak
 16288 | Lair:5   | Noticed a five-headed hydra
 16290 | Lair:5   | Killed a death yak
 16290 | Lair:5   | Killed a death yak
 16638 | Lair:5   | Noticed Josephine
 16643 | Lair:5   | Killed Josephine
 16676 | Lair:5   | Received a gift from Pakellas
 16684 | Lair:5   | Reached XP level 13. HP: 60/61 MP: 22/22
 16710 | Lair:5   | Reached skill level 15 in Dodging
 16711 | Lair:5   | Reached skill level 5 in Shields
 17605 | Lair:6   | Reached skill level 18 in Stealth
 18365 | Lair:6   | Found a staircase to the Snake Pit.
 18615 | Lair:6   | Found a staircase to the Shoals.
 19755 | Lair:8   | Entered Level 8 of the Lair of Beasts
 19785 | Lair:7   | Reached skill level 10 in Slings
 19849 | Lair:8   | Learned a level 3 spell: Ozocubu's Armour
 20023 | Lair:8   | Reached skill level 1 in Charms
 20092 | Lair:8   | Reached XP level 14. HP: 66/66 MP: 23/23
 21354 | Lair:8   | Reached skill level 5 in Charms
 21761 | Lair:8   | Found a viscous altar of Jiyva.
 21761 | Lair:8   | Found a staircase to the Slime Pits.
 22417 | D:12     | Noticed Kirke
 22432 | D:12     | Killed Kirke
 22432 | D:12     | Reached skill level 5 in Throwing
 22506 | D:12     | Found a staircase to the Orcish Mines.
 22518 | D:12     | Noticed Harold
 22529 | D:12     | Killed Harold
 22563 | D:12     | Noticed Frances
 22740 | D:12     | Found Keoskem's General Store.
 22981 | D:12     | Received a gift from Pakellas
 23144 | D:12     | Killed Frances
 23211 | Orc:1    | Entered Level 1 of the Orcish Mines
 23355 | Orc:1    | Found Pyotostre's Magic Scroll Emporium.
 23355 | Orc:1    | Noticed Erica
 23363 | Orc:1    | Killed Erica
 23798 | Orc:2    | Entered Level 2 of the Orcish Mines
 23916 | Orc:2    | Found a staircase to the Elven Halls.
 23923 | Orc:2    | Noticed Snorg
 23924 | Orc:2    | Found a roughly hewn altar of Beogh.
 23929 | Orc:2    | Killed Snorg
 24157 | Orc:2    | Noticed Nergalle
 24830 | Orc:2    | Reached XP level 15. HP: 70/70 MP: 17/25
 24856 | Orc:2    | Noticed an orc warlord
 24894 | Orc:2    | Killed Nergalle
 24918 | Orc:2    | Killed an orc warlord
 25000 | Orc:2    | Found a roughly hewn altar of Beogh.
 25008 | Orc:2    | Found Taboduff's General Store.
 25028 | Orc:2    | Found Mafeal Xate's Antique Armour Shop.
 25230 | Orc:2    | Found Zaonur's Antique Weapon Shop.
 25364 | Orc:2    | Found Nuesiet's Jewellery Shop.
 25797 | D:11     | Learned a level 1 spell: Animate Skeleton
 25975 | Snake:1  | Entered Level 1 of the Snake Pit
 26891 | Snake:1  | Reached skill level 1 in Spellcasting
 26946 | Snake:1  | Noticed Agnes
 26959 | Snake:1  | Killed Agnes
 27596 | Snake:1  | Reached skill level 1 in Necromancy
 27991 | Snake:2  | Noticed Vashnia
 27998 | Snake:2  | Noticed Asterion
 28006 | Snake:2  | Got a colourful robe
 28058 | Snake:2  | Killed Asterion
 28589 | Snake:2  | Reached skill level 19 in Stealth
 29465 | Snake:2  | You fall through a shaft!
 29547 | Snake:3  | Found a frozen archway.
 29547 | Snake:3  | Noticed an azure jelly
 29642 | Snake:3  | Identified the +3 robe of Complete Protection {rN+ Str-3 Int+3 Stlth+} (You found it on level 2 of the Snake Pit)
 29679 | IceCv    | Entered an ice cave
 29708 | IceCv    | Reached skill level 5 in Spellcasting
 29807 | IceCv    | Got a dazzling cloak
 29819 | IceCv    | Identified the cursed +0 cloak of Jigsaw {Str+3} (You found it in an ice cave)
 30003 | IceCv    | Learned a level 2 spell: Shroud of Golubria
 30007 | IceCv    | Learned a level 3 spell: Regeneration
 31671 | Snake:3  | Reached XP level 16. HP: 75/75 MP: 4/27
 32048 | Snake:3  | Received a gift from Pakellas
 32553 | Snake:4  | Entered Level 4 of the Snake Pit
 33881 | Snake:4  | Reached skill level 1 in Air Magic
 34637 | Snake:4  | Reached skill level 15 in Slings
 34651 | Snake:4  | Got a serpentine rune of Zot
 34693 | Snake:4  | Upgraded the game from 0.18-a0-1721-gc4d1f22 to 0.18-a0-1730-g73f0523
 34867 | Shoals:1 | Entered Level 1 of the Shoals
 34885 | Shoals:1 | Noticed Donald
 34916 | Shoals:1 | Killed Donald
 36386 | Shoals:2 | Noticed Polyphemus
 36449 | Shoals:2 | Killed Polyphemus
 36470 | Shoals:2 | Reached XP level 17. HP: 72/79 MP: 10/29
 36646 | Shoals:2 | Noticed a kraken
 36670 | Shoals:2 | Killed a kraken
 38128 | Shoals:3 | Reached skill level 5 in Fighting
 38500 | Shoals:4 | Entered Level 4 of the Shoals
 39463 | D:13     | Noticed Rupert
 39466 | D:13     | Killed Rupert
 39775 | D:13     | Received a gift from Pakellas
 39909 | D:13     | Identified a +7 rod of shadows (16/16) (Pakellas gifted it to you on level 13 of the Dungeon)
 40200 | D:13     | Noticed Maud
 40211 | D:13     | Killed Maud
 40228 | D:13     | Identified a scroll of acquirement
 41137 | D:14     | Reached skill level 15 in Evocations
 41298 | D:14     | Found a gate to the Vaults.
 42001 | Vaults:1 | Entered Level 1 of the Vaults
 42449 | Vaults:1 | Reached XP level 18. HP: 84/84 MP: 19/31
 42748 | Vaults:1 | Reached skill level 20 in Stealth
 43072 | Vaults:1 | Got a dazzling gold dragon armour
 44594 | Vaults:2 | Noticed Wiglaf
 44610 | Vaults:2 | Killed Wiglaf
 44940 | Vaults:2 | Received a gift from Pakellas
 45318 | Vaults:2 | Noticed Margery
 45328 | Vaults:2 | Killed from afar by Margery

Vault maps used:
D:1:      dpeg_arrival_lava_temple_mockup
D:2:      minmay_lizard_king, uniq_natasha
D:3:      lemuel_upstairs_altar, first_bread
D:4:      lemuel_crystal_altar, serial_curves, eino_curves_02, eino_curves_04
D:5:      gammafunk_temple_overflow_forgotten, minmay_temple_entry_large_hall
D:6:      kennysheep_mini
D:7:      grunt_ministairs_2, uniq_pikel, uniq_menkaure
D:8:      serial_shops, shop, grunt_livestock, uniq_psyche
D:9:      kennysheep_ying_yang, nicolae_gozag_cash_rules_everything_around_me
D:10:     uniq_urug
D:11:     minmay_weird_star, david_lair_shrubbed, uniq_grum
D:12:     orc_0_dummy, serial_shops, shop, uniq_frances, uniq_harold, uniq_kirke
D:13:     uniq_maud, uniq_rupert
D:14:     erik_vaults_2, minmay_hedge_maze, minmay_fire_ice_demons
Lair:1:   grunt_megastairs_3, lemuel_fruit_tree
Lair:2:   tgw_fedhas
Lair:4:   minmay_lair_venomous_thicket
Lair:5:   grunt_megastairs_5, uniq_josephine
Lair:6:   elwin_shoals_entry_rooms, minmay_snake_entry_guardpost_small
Lair:7:   serial_bayou_ford_a
Lair:8:   evilmike_catoblepas_cave, dpeg_slime_entry_enclosed_altar,
          grunt_forest_large_clearing_hut
Shoals:1: uniq_donald
Shoals:2: uniq_polyphemus
Shoals:3: abandoned_shop, nicolae_shoals_so_close
Shoals:4: shoals_end_grunt_ice, shoal_ilsuiw, uniq_mara, uniq_louise
Snake:1:  uniq_agnes
Snake:2:  uniq_asterion, uniq_vashnia
Snake:3:  portal_ice_cave_entry_frozen_things
Snake:4:  snake_pit
Orc:1:    serial_shops, shop_coins, uniq_erica
Orc:2:    grunt_orc_cross, basic_altar, uniq_snorg
Vaults:1: v_misc_31, hangedman_vaults_stagger, vaults_room_door_hall,
          nicolae_vaults_fighting_squares, hangedman_vaults_impose,
          hangedman_vaults_cutoff, nicolae_vaults_ring_of_whatevers
Vaults:2: nicolae_vaults_little_squares_6, dpeg_vaults_monster_box,
          nicolae_vaults_little_squares_3, vaults_room_large_hall,
          ontoclasm_vaults_tryst, nicolae_vaults_border_crossing,
          grunt_vaults_trifunnel, v_alt_pattern_6, sword_in_stone,
          v_alt_pattern_5, hangedman_vaults_restitches, hangedman_vaults_impose,
          v_misc_13, uniq_margery
Abyss:2:  guppyfry_abyss_exit_glass_guarded
Abyss:3:  evilmike_abyss_exit_smiterflies, hangedman_classic_abyss_death,
          evilmike_abyss_rune_siren
IceCv:    ice_cave_caverns_03

Skill      XL: |  1  2  3  4  5  6  7  8  9 10 11 12 13 14 15 16 17 18 |
---------------+-------------------------------------------------------+-----
Fighting       | 1 2 3 4 5 |  5.4
Dodging        | 4 5 6 7 8 10 11 13 14 16 17 18 19 | 19.8
Stealth        | 2 4 5 7 10 12 14 16 17 18 19 20 | 20.3
Short Blades   | 2 3 4 5 6 7 8 9 |  9.8
Evocations     | 5 7 8 9 10 11 12 13 14 15 | 15.4
Shields        | 1 2 3 4 6 7 8 |  8.9
Slings         | 3 7 8 10 11 13 15 17 18 | 18.9
Throwing       | 1 2 3 5 |  5.2
Charms         | 1 7 |  7.6
Spellcasting   | 5 7 8 9 |  9.8
Necromancy     | 1 3 |  3.0
Air Magic      | 1 |  1.4

Action                   |  1- 3 |  4- 6 |  7- 9 | 10-12 | 13-15 | 16-18 || total
-------------------------+-------+-------+-------+-------+-------+-------++-------
Melee: Short sword       |   117 |       |       |       |       |       ||   117
       Dagger            |    37 |   125 |   301 |   701 |  1255 |   530 ||  2949
       Rapier            |       |       |       |       |       |   379 ||   379
 Fire: Hunting sling     |     6 |       |       |   214 |   809 |  1212 ||  2241
       Blowgun           |       |       |       |    27 |    81 |       ||   108
Throw: Stone             |       |       |       |     9 |       |    29 ||    38
 Cast: Repel Missiles    |       |       |       |     1 |     4 |    12 ||    17
       Animate Skeleton  |       |       |       |       |    18 |   184 ||   202
       Ozocubu's Armour  |       |       |       |       |     1 |     2 ||     3
       Shroud of Golubri |       |       |       |       |       |     1 ||     1
Invok: Quick Charge      |       |       |       |     3 |    14 |     6 ||    23
       Supercharge       |       |       |       |     1 |       |       ||     1
Evoke: Wand              |       |     4 |    34 |    27 |   138 |    52 ||   255
       Rod               |       |       |       |   106 |   189 |   188 ||   483
       Phial of floods   |       |       |       |       |     2 |     1 ||     3
       Stone of tremors  |       |       |       |       |     2 |       ||     2
       Sack of spiders   |       |       |       |       |     1 |     1 ||     2
  Use: Scroll            |     1 |     5 |     9 |    14 |    13 |    18 ||    60
       Potion            |       |     1 |     2 |     8 |     4 |     7 ||    22
 Stab: Sleeping          |    10 |     8 |    35 |    26 |    47 |    44 ||   170
       Distracted        |     1 |     2 |     3 |     5 |     3 |    21 ||    35
       Paralysed         |       |     1 |     1 |       |     6 |     2 ||    10
       Confused          |       |       |       |       |     1 |     1 ||     2
       Petrified         |       |       |       |       |     1 |       ||     1
  Eat: Pizza             |       |       |     2 |     7 |       |       ||     9
       Fruit             |       |       |     2 |       |    12 |     9 ||    23
       Royal jelly       |       |       |       |     2 |       |       ||     2
       Bread ration      |       |       |       |       |     1 |     3 ||     4
